Map: Automaton LE

Players

SusaVile

  • Race: Terran Terran
  • League: Platinum
  • Spawn Location: 9:00

A.I. 1 (Very Easy) - Winner!

  • Race: Protoss Protoss
  • Spawn Location: 3:00

VOD

Have the link to the VOD?

Description

Time

  • Played on: April 28, 2019, 10:45 a.m.
  • Length: 9:52
Show
View Real Time Build Order
Export as new Build Order

SusaVile Terran 

Build Orders:  

Get SALT Encoding   

  12  0:11  SCV  
  13  0:23  SCV  
  13  0:26  Supply Depot  
  14  0:35  SCV  
  15  0:37  Refinery  
  15  0:48  SCV  
  15  0:49  Barracks  
  16  1:00  SCV  
  17  1:12  SCV  
  18  1:24  SCV  
  19  1:36  Reaper, SCV  
  21  1:42  Command Center  
  21  1:48  SCV  
  22  2:00  SCV  
  23  2:04  Supply Depot  
  23  2:09  Factory  
  23  2:13  Refinery  
  23  2:21  Orbital Command  
  23  2:30  Barracks Tech Lab  
  23  2:46  SCV  
  24  2:55  Orbital Command  
  24  2:59  Barracks Tech Lab, SCV  
  25  3:08  Starport  
  25  3:11  SCV  
  26  3:16  Supply Depot  
  26  3:22  Siege Tank  
  26  3:23  SCV  
  26  3:25  SCV  
  31  3:35  SCV  
  31  3:36  Barracks Reactor  
  31  3:37  SCV  
  31  3:38  Supply Depot  
  33  3:48  SCV  
  34  3:49  SCV  
  35  3:59  Siege Tank  
  35  4:00  Banshee  
  41  4:04  SCV x2  
  41  4:07  Supply Depot  
  43  4:16  SCV  
  44  4:18  Marine x2  
  44  4:22  SCV  
  47  4:25  Command Center  
  47  4:27  Supply Depot  
  47  4:29  SCV  
  48  4:34  SCV  
  52  4:38  Marine  
  52  4:41  SCV  
  52  4:43  Banshee, Marine  
  58  4:46  SCV  
  58  4:50  Siege Tank  
  59  4:53  SCV  
  59  4:54  Supply Depot  
  59  4:58  SCV  
  61  5:03  Marine x2  
  61  5:05  SCV  
  64  5:10  SCV  
  64  5:12  Refinery  
  65  5:14  Refinery  
  65  5:17  SCV  
  65  5:20  Marine  
  65  5:21  Marine  
  68  5:22  Siege Tank, SCV  
  68  5:26  Banshee  
  75  5:29  SCV  
  75  5:35  Supply Depot  
  76  5:39  SCV  
  76  5:40  Orbital Command  
  76  5:41  Marine x2  
  79  5:47  Barracks  
  79  5:49  Supply Depot, SCV  
  80  5:51  Barracks  
  80  5:54  Siege Tank  
  83  5:58  SCV  
  83  6:02  SCV  
  83  6:04  Marine x2  
  85  6:08  SCV  
  88  6:19  SCV  
  88  6:20  SCV  
  88  6:22  Marine  
  88  6:23  Marine  
  92  6:26  Siege Tank  
  92  6:28  Barracks  
  92  6:29  Barracks  
  92  6:31  Engineering Bay  
  92  6:32  Engineering Bay  
  95  6:39  SCV x3  
  98  6:40  Supply Depot  
  98  6:41  Supply Depot  
  98  6:42  Marine x2  
  98  6:43  Barracks Tech Lab  
  98  6:44  Barracks Tech Lab  
  100  6:54  SCV  
  100  6:55  Starport Reactor, SCV x2  
  100  6:58  Siege Tank  
  100  7:00  Marine x2  
  108  7:03  Supply Depot x2  
  108  7:06  Marine x2  
  108  7:08  Combat Shield, Stimpack  
  110  7:09  SCV  
  110  7:10  SCV x2  
  110  7:15  Refinery  
  113  7:17  Supply Depot  
  113  7:20  Marine  
  113  7:21  Supply Depot, Marine  
  117  7:24  Barracks Reactor  
  117  7:26  Barracks Reactor  
  117  7:28  Marine x2  
  117  7:31  Siege Tank  
  117  7:32  SCV x3  
  117  7:35  Medivac  
  117  7:36  Medivac  
  127  7:44  SCV x3  
  129  7:47  Refinery  
  130  7:56  Marine x2, SCV x3  
  130  7:57  Marine x2  
  136  8:05  Medivac x2  
  136  8:07  Marine x3  
  136  8:08  SCV x2  
  136  8:09  SCV  
  146  8:15  Marine x3  
  146  8:16  Marine x2  
  154  8:21  Siege Tank  
  154  8:23  SCV x3  
  157  8:29  Armory  
  157  8:30  Supply Depot  
  157  8:31  Supply Depot, Marine x3  
  164  8:34  Marine, Marauder x2  
  165  8:42  Supply Depot x2  
  165  8:44  Medivac x2, Marine x2  
  165  8:45  Concussive Shells, SCV x2  
  173  8:52  SCV, Marine x2  
  173  8:53  Siege Tank  
  179  8:57  SCV x2, Marine x3  
  179  8:58  Marine  
  185  9:04  SCV, Marine x2  
  185  9:09  SCV x2  
  190  9:10  Marine  
  190  9:11  Command Center  
  190  9:15  Command Center  
  190  9:16  SCV  
  192  9:20  Marine x4  
  196  9:27  Barracks  
  196  9:28  Marine  
  196  9:29  Barracks, Marine x2  
  199  9:31  Barracks  
  199  9:34  Barracks  
Show
View Real Time Build Order
Export as new Build Order

A.I. 1 (Very Easy) Protoss - Winner!

Build Orders:  

Get SALT Encoding   

  12  0:00  Probe  
  13  0:13  Probe  
  14  0:21  Pylon  
  14  0:38  Assimilator  
  14  0:43  Gateway  
  14  0:47  Pylon  
  14  1:14  Assimilator  
  14  1:24  Probe  
  14  1:30  Zealot  
  17  1:32  Probe  
  17  1:34  Cybernetics Core  
  18  1:41  Probe  
  19  1:51  Probe  
  20  2:00  Probe, Warp Gate  
  21  2:09  Probe  
  22  2:40  Stalker  
  24  7:04  Probe  
  25  7:09  Pylon, Adept  
  25  7:11  Robotics Facility  
  25  7:12  Probe  
  25  7:14  Nexus  
  27  7:20  Probe  
  28  7:28  Probe  
  29  7:37  Probe  
  30  7:38  Pylon  
  27  7:59  Observer  
  27  8:05  Zealot  
  30  8:15  Observer  
  31  8:27  Probe  
  32  8:34  Probe  
  32  8:35  Assimilator  
  32  8:39  Assimilator  
  33  8:41  Probe  
  34  8:48  Probe  
  35  8:55  Probe  
  35  9:00  Stalker  
  38  9:03  Probe  
  39  9:10  Probe  
  40  9:17  Probe  
  40  9:22  Probe  
  41  9:29  Probe  
  42  9:34  Probe  
Tags
 
League
Platinum
Matchup
PvT
Spawn Locations
Cross Positions
Add a new tag
Caveats
  • Supply blocks, unpowered buildings, or Contaminate may cause inaccurate times.
  • Supply counts are checked every 10 seconds.